 Dungeon Crawl Stone Soup version 0.20.1-1-g8b1a95d (console) character file.

5937 reinman the Slicer (level 11, -4/64 HPs)
             Began as a Halfling Skald on July 21, 2017.
             Was a Priest of Okawaru.
             Killed from afar by a lava snake (14 damage)
             ... with a glob of lava
             ... in a volcano.
             The game lasted 00:48:32 (6413 turns).

reinman the Slicer (Halfling Skald)                 Turns: 6413, Time: 00:48:33

Health: -4/64      AC:  7    Str: 12    XL:     11   Next: 9%
Magic:  22/22      EV: 17    Int: 14    God:    Okawaru [***...]
Gold:   453        SH:  0    Dex: 15    Spells: 2/13 levels left

rFire    + . .     SeeInvis .   a - +2 dagger (venom)
rCold    + + .     Gourm    .   (shield restricted)
rNeg     . . .     Faith    .   u - +2 robe {rC+}
rPois    +         Spirit   .   y - +0 helmet
rElec    +         Reflect  .   (no cloak)
rCorr    +         Harm     .   h - +0 pair of gloves
MR       .....                  A - +0 pair of boots
Stlth    +++++.....             (no amulet)
Regen    0.2/turn               j - ring of magical power
MPRegen  0.2/turn               P - ring of stealth

@: resistant
A: mutation resistance 1
a: Heroism, Renounce Religion


You were in a volcano.
You worshipped Okawaru.
Okawaru was most pleased with you.
You were not hungry.

You visited 3 branches of the dungeon, and saw 10 of its levels.
You also visited: Volcano.

You collected 453 gold pieces.

Inventory:

Hand Weapons
 a - a +2 dagger of venom (weapon)
 b - a +0 blowgun
 c - a +4 dagger of chaos
 S - a +0 rapier
Missiles
 n - 7 tomahawks (quivered)
 t - 17 poisoned needles
 C - 6 needles of sleeping
 K - 2 throwing nets
Armour
 h - a +0 pair of gloves (worn)
 u - a +2 robe of cold resistance (worn)
 y - a +0 helmet (worn)
 A - a +0 pair of boots (worn)
Jewellery
 j - a ring of magical power (left hand)
 P - a ring of stealth (right hand)
 V - an uncursed ring of protection from cold
Wands
 J - a wand of polymorph (9/24)
 M - a wand of disintegration (9/24)
 Q - a wand of polymorph (24/24)
Scrolls
 e - a scroll of random uselessness {unknown}
 l - 3 scrolls of remove curse
 m - 2 scrolls of immolation {unknown}
 o - 4 scrolls of recharging
 q - 2 scrolls of noise {unknown}
 s - 4 scrolls of magic mapping
 B - 3 scrolls of amnesia {unknown}
 D - 4 scrolls of teleportation {unknown}
 F - a scroll of enchant armour {unknown}
 H - 2 scrolls of fear {unknown}
 O - 2 scrolls of silence {unknown}
 U - a scroll of fog {unknown}
Potions
 g - 2 potions of brilliance
 k - 3 potions of lignification
 p - 3 potions of curing
 v - 2 potions of mutation
 w - 2 potions of magic
 x - 4 potions of agility
 z - a potion of resistance
 E - 2 potions of might
 G - a potion of degeneration {unknown}
 L - a potion of heal wounds {unknown}
 N - 2 potions of berserk rage {unknown}
 T - a potion of flight {unknown}
Books
 r - a book of Battle

   Spells                             Type                      Level
   a - Infusion                       Charms                       1
   b - Shroud of Golubria             Charms/Translocation         2
   c - Song of Slaying                Charms                       2
   d - Spectral Weapon                Hexes/Charms                 3
   e - Regeneration                   Charms/Necromancy            3
 W - a book of Power

   Spells                             Type                      Level
   a - Iskenderun's Battlesphere      Conjuration/Charms           5
   b - Venom Bolt                     Conjuration/Poison           5
   c - Bolt of Magma                  Conjuration/Fire/Earth       5
   d - Iron Shot                      Conjuration/Earth            6
   e - Orb of Destruction             Conjuration                  7
   f - Spellforged Servitor           Conjuration/Summoning        7
 X - a book of Enchantments

   Spells                             Type                      Level
   a - Cause Fear                     Hexes                        4
   b - Yara's Violent Unravelling     Hexes/Transmutation          5
   c - Silence                        Hexes/Air                    5
   d - Deflect Missiles               Charms/Air                   6
   e - Discord                        Hexes                        8
Comestibles
 d - 8 bread rations
 f - 4 royal jellies
 i - 2 meat rations
 I - 10 fruits


   Skills:
 - Level 1.7 Fighting
 + Level 8.9 Short Blades
 + Level 4.1 Armour
 + Level 4.5 Dodging
 + Level 8.4 Stealth
 - Level 1.5 Spellcasting
 + Level 8.5 Charms
 - Level 5.0 Necromancy
 - Level 5.0 Translocations
 + Level 3.8 Invocations


You had 2 spell levels left.
You knew the following spells:

 Your Spells              Type           Power        Failure   Level  Hunger
a - Infusion              Chrm           ###.         1%          1    ##.....
b - Song of Slaying       Chrm           ###.....     1%          2    ###....
c - Spectral Weapon       Hex/Chrm       ##......     13%         3    ####...
x - Shroud of Golubria    Chrm/Tloc      ###.......   2%          2    ###....
z - Regeneration          Chrm/Necr      ###.......   4%          3    ####...


Dungeon Overview and Level Annotations

Branches:
Dungeon (8/15)             Temple (1/1) D:5            Lair (1/6) D:8

Altars:
Ashenzari
Cheibriados
Dithmenos
Elyvilon
Fedhas
Gozag
Hepliaklqana
Kikubaaqudgha
Makhleb
Nemelex Xobeh
Okawaru
Qazlal
Ru
Sif Muna
Trog
Uskayaw
Vehumet
Xom
Yredelemnul
Zin
The Shining One

Shops:
D:7 :

Annotations:
D:6 ikselatri's ghost, novice MiBe


Innate Abilities, Weirdness & Mutations

You are small and have problems with some larger weapons.
You are somewhat resistant to further mutation.


Message History

You sensed 1 altar, and 2 shops/portals.
It was a scroll of magic mapping.
You feel like a meek peon again. The fire bat closely misses you.
The lava snake bites you.
You are engulfed in flames.
The lava snake spits lava at you. The glob of lava hits you!
* * * LOW HITPOINT WARNING * * *
You hear an angry hiss.
Unknown command.
Unknown command.
Unknown command.
You feel protected. The fire bat bites you.
* * * LOW HITPOINT WARNING * * *
You are engulfed in flames.
You resist.
* * * LOW HITPOINT WARNING * * *
The lava snake spits lava at you. The glob of lava hits you!
You partially resist.
You die...

#....≈≈§≈§§≈≈≈≈≈≈≈≈≈≈≈≈≈≈≈≈≈≈,
##....≈§≈≈§≈§§§§§≈§≈≈≈≈≈≈≈≈≈≈≈
##....§≈§§§§≈§§§§§§§≈≈≈≈≈≈≈≈,
##....§§§≈§≈§§§≈≈≈≈≈≈≈≈≈≈≈,,
##......≈≈§§≈≈≈≈§≈≈≈≈≈≈≈≈,,
#.......SS§≈§≈§§≈≈≈≈≈≈≈,,*
##.#.....≈≈≈§§§§§≈≈≈≈≈≈,,,
#####..§.SS≈§≈≈≈≈≈≈≈,,,,,
#...@b.§§§≈≈≈≈≈≈≈,,,,
###.##.§§§§≈≈≈≈,,,,,,
###*,##§§≈≈≈≈,,,,**
*****,.,,,,*,** *****,**** ***


You could see a fire bat and 4 lava snakes.

Vanquished Creatures
  A two-headed ogre (D:7)
  A black mamba (Lair:1)
  Psyche (D:8)
  A komodo dragon (D:8)
  Prince Ribbit (D:7)
  A hippogriff (Lair:1)
  A fire bat (Volcano)
  Eustachio (D:5)
  Edmund (D:4)
  2 hell hounds (Lair:1)
  A water moccasin (D:7)
  A porcupine (Lair:1)
  2 black bears
  2 ice beasts
  2 sky beasts
  2 orc warriors (D:6)
  5 ogres
  3 centaurs
  A crocodile (Lair:1)
  The ghost of SirMumm the Magician, an amateur GrWz (D:3)
  A big kobold (D:7)
  5 bullfrogs
  A gnoll sergeant (D:7)
  2 scorpions (D:7)
  A howler monkey (D:7)
  3 crimson imps
  3 bullfrog zombies
  A hound (D:7)
  2 centaur skeletons
  2 orc priests
  7 orc wizards
  3 bullfrog skeletons
  Jessica (D:3)
  Natasha (thrice) (D:4)
  3 worker ants
  A hound zombie (D:5)
  A hound skeleton (D:4)
  A howler monkey zombie (D:7)
  7 gnolls
  10 adders
  2 shadow imps
  4 oozes
  3 adder skeletons
  2 worms
  A dart slug (D:3)
  12 leopard geckos
  37 orcs
  6 ball pythons
  4 giant cockroaches
  10 goblins
  7 hobgoblins
  7 kobolds
  5 quokkas
  7 bats
  6 frilled lizards
  A giant cockroach zombie (D:6)
  A leopard gecko zombie (D:6)
  4 rats
208 creatures vanquished.

Vanquished Creatures (others)
  A plant (D:8)
1 creature vanquished.

Grand Total: 209 creatures vanquished

Notes
Turn   | Place    | Note
-------+----------+-------------------------------------------
     0 | D:1      | reinman the Halfling Skald began the quest for the Orb.
     0 | D:1      | Reached XP level 1. HP: 14/14 MP: 3/3
     0 | D:1      | colours of...
   146 | D:1      | Reached XP level 2. HP: 19/19 MP: 2/4
   244 | D:1      | Reached skill level 1 in Stealth
   307 | D:1      | Reached XP level 3. HP: 22/24 MP: 5/5
   453 | D:2      | Learned a level 2 spell: Shroud of Golubria
   456 | D:2      | Learned a level 2 spell: Song of Slaying
   516 | D:2      | Reached XP level 4. HP: 25/29 MP: 6/6
  1058 | D:3      | Reached XP level 5. HP: 31/34 MP: 6/7
  1409 | D:3      | Noticed SirMumm's ghost (amateur GrWz)
  1422 | D:3      | Killed SirMumm's ghost
  1422 | D:3      | Reached skill level 5 in Charms
  1422 | D:3      | Reached XP level 6. HP: 20/39 MP: 5/8
  1535 | D:3      | Noticed Jessica
  1565 | D:3      | Killed Jessica
  1703 | D:3      | Learned a level 3 spell: Regeneration
  1770 | D:4      | Reached XP level 7. HP: 40/44 MP: 6/9
  1819 | D:4      | Reached skill level 5 in Short Blades
  1819 | D:4      | Reached skill level 1 in Translocations
  1860 | D:4      | Reached skill level 1 in Necromancy
  1979 | D:4      | Noticed Edmund
  2011 | D:4      | Killed Edmund
  2065 | D:4      | Noticed Natasha
  2083 | D:4      | Killed Natasha
  2158 | D:4      | Noticed Natasha
  2163 | D:4      | Killed Natasha
  2229 | D:4      | Found a white marble altar of Elyvilon.
  2316 | D:4      | Noticed Natasha
  2327 | D:4      | Killed Natasha
  2413 | D:4      | Reached XP level 8. HP: 34/49 MP: 10/10
  2600 | D:4      | Reached skill level 5 in Stealth
  2645 | D:5      | Entered Level 5 of the Dungeon
  2701 | D:5      | Found a staircase to the Ecumenical Temple.
  2719 | Temple   | Entered the Ecumenical Temple
  3060 | D:5      | Found a radiant altar of Vehumet.
  3063 | D:5      | Noticed Eustachio
  3067 | D:5      | Killed Eustachio
  3487 | D:6      | Found a shattered altar of Ashenzari.
  3606 | D:6      | Reached XP level 9. HP: 53/54 MP: 11/11
  3661 | D:6      | Found a blossoming altar of Fedhas.
  3771 | D:6      | Learned a level 3 spell: Spectral Weapon
  3837 | D:6      | Found an iron altar of Okawaru.
  3838 | D:6      | Found a hide-covered altar of Uskayaw.
  3845 | D:6      | Became a worshipper of Warmaster Okawaru
  4205 | D:6      | Noticed ikselatri's ghost (novice MiBe)
  4352 | D:7      | Found Potub's Book Boutique.
  4575 | D:7      | Reached * piety under Okawaru
  4956 | D:7      | Reached skill level 5 in Translocations
  4994 | D:7      | Reached skill level 1 in Invocations
  4994 | D:7      | Reached XP level 10. HP: 29/60 MP: 1/12
  5181 | D:7      | Noticed a two-headed ogre
  5184 | D:7      | Noticed Prince Ribbit
  5268 | D:7      | Killed a two-headed ogre
  5268 | D:7      | Reached ** piety under Okawaru
  5311 | D:7      | Killed Prince Ribbit
  5506 | D:8      | Noticed Psyche
  5683 | D:8      | Killed Psyche
  5743 | D:8      | Found a burning altar of Makhleb.
  5747 | D:8      | Noticed a blizzard demon
  5748 | D:8      | Found a glowing silver altar of Zin.
  5748 | D:8      | Noticed an angel
  6092 | D:8      | Found a staircase to the Lair.
  6093 | D:8      | Noticed a komodo dragon
  6133 | D:8      | Killed a komodo dragon
  6140 | Lair:1   | Entered Level 1 of the Lair of Beasts
  6209 | Lair:1   | Noticed a black mamba
  6227 | Lair:1   | Killed a black mamba
  6227 | Lair:1   | Reached *** piety under Okawaru
  6227 | Lair:1   | Reached skill level 5 in Necromancy
  6246 | Lair:1   | Reached XP level 11. HP: 50/64 MP: 2/13
  6324 | Lair:1   | Found a dark tunnel.
  6360 | Volcano  | Entered a volcano
  6413 | Volcano  | Killed from afar by a lava snake

Skill      XL: |  1  2  3  4  5  6  7  8  9 10 11 |
---------------+----------------------------------+-----
Stealth        | 1 2 3 4 5 7 8 |  8.4
Short Blades   | 3 4 5 6 7 8 |  8.9
Charms         | 4 5 6 7 8 |  8.5
Translocations | 2 3 5 |  5.0
Necromancy     | 1 3 4 5 |  5.0
Invocations    | 1 3 |  3.8
Armour         | 3 4 |  4.1
Dodging        | 4 |  4.5
Fighting       | |  1.7
Spellcasting   | |  1.5

Action                   |  1- 3 |  4- 6 |  7- 9 | 10-12 || total
-------------------------+-------+-------+-------+-------++-------
Melee: Short sword       |    22 |       |       |       ||    22
       Dagger            |    43 |   168 |   325 |   123 ||   659
       Punch             |       |       |       |     1 ||     1
 Fire: Blowgun           |       |       |       |     3 ||     3
Throw: Tomahawk          |       |       |     1 |       ||     1
 Cast: Infusion          |    11 |    24 |    48 |    12 ||    95
       Shroud of Golubri |       |     9 |    24 |     5 ||    38
       Song of Slaying   |       |     2 |     7 |     2 ||    11
       Regeneration      |       |       |    15 |     8 ||    23
Invok: Heroism           |       |       |       |     5 ||     5
  Use: Potion            |       |     1 |       |     2 ||     3
       Scroll            |       |     5 |     1 |     5 ||    11
 Stab: Sleeping          |     1 |     5 |     8 |     9 ||    23
       Invisible         |       |     2 |       |       ||     2
       Distracted        |       |       |     1 |     1 ||     2
  Eat: Chunk             |       |     4 |    17 |     6 ||    27
       Royal jelly       |       |       |       |     1 ||     1
Armor: Leather armour    |    19 |    13 |       |       ||    32
       Robe              |       |     5 |    59 |    25 ||    89
Dodge: Dodged            |    42 |    83 |   181 |    85 ||   391
